 Dungeon Crawl Stone Soup version 0.19-a0-1021-g80cc50c (webtiles) character file.

289 Ijustatesigmund the Chopper (level 6, 46/48 HPs)
             Began as a Demonspawn Berserker on July 27, 2016.
             Was a Believer of Trog.
             Quit the game on level 4 of the Dungeon.
             The game lasted 00:06:27 (2737 turns).

Ijustatesigmund the Chopper (Demonspawn Berserker)  Turns: 2737, Time: 00:06:28

Health: 46/48      AC:  9    Str: 17    XL:     6   Next: 9%
Magic:  6/6        EV: 10    Int:  9    God:    Trog [**....]
Gold:   160        SH:  0    Dex: 14    Spells: 0 memorised, 5 levels left

rFire  + . .     SeeInvis .     a - +1 hand axe
rCold  . . .     Gourm    .     i - +0 scale mail
rNeg   . . .     Faith    .     (no shield)
rPois  .         Spirit   .     (no helmet)
rElec  .         Dismiss  .     (no cloak)
rCorr  .         Reflect  .     (no gloves)
SustAt .         Harm     .     (no boots)
MR     .....                    (no amulet)
Stlth  +.........               (no ring)
                                (no ring)

@: not resistant to hostile enchantments, very unstealthy
A: thin metallic scales 2, fire resistance 1, nightstalker 1
a: Berserk, Trog's Hand, Burn Spellbooks, Renounce Religion


You were on level 4 of the Dungeon.
You worshipped Trog.
Trog was pleased with you.
You were hungry.

You visited 1 branch of the dungeon, and saw 4 of its levels.

You collected 160 gold pieces.

Inventory:

Hand Weapons
 a - a +1 hand axe (weapon)
Armour
 i - a +0 scale mail (worn)
Wands
 m - a wand of polymorph (15/24)
Scrolls
 d - a scroll of fear
 e - 7 scrolls of remove curse
 f - 2 scrolls of amnesia {unknown}
 g - 2 scrolls of fog
 h - a scroll of magic mapping
 j - a scroll of identify
 l - a scroll of recharging
Potions
 b - a potion of haste
 n - a potion of brilliance
 o - a potion of heal wounds {unknown}
Comestibles
 c - 2 bread rations
 k - 11 chunks of flesh


   Skills:
 + Level 4.3 Fighting
 + Level 5.5 Axes
 - Level 1.7 Armour
 - Level 1.7 Dodging


You had 5 spell levels left.
You didn't know any spells.

Dungeon Overview and Level Annotations

Branches:
Dungeon (4/15)
 Temple: D:4-7

Altars:
Ashenzari


Innate Abilities, Weirdness & Mutations

You are mostly covered in thin metallic scales. (AC +3)
Your flesh is heat resistant. (rF+)
You are slightly more attuned to the shadows.


Message History

No target in view!
No target in view!
No target in view!
No target in view!
No target in view!
No target in view!
No target in view!
No target in view!
No target in view!
No target in view!
No target in view!
No target in view!
No target in view!
Items here: ( ) [ † a mace; 3 tomahawks; a chain mail; an orc corpse You butcher the orc corpse.
k - 11 chunks of flesh (gained 4)
Things that are here:
a mace; 3 tomahawks; a chain mail Are you sure you want to abandon this character and quit the game? (Confirm with "yes".)

#.# #.# #.#
#.# #<# #.#
#.# ##.#
#)@#
#......#
#.........#
#........##
#.#%.##.##
#.#.. .# #
#.. .#


There were no monsters in sight!

Vanquished Creatures
  An ice beast (D:3)
  An orc wizard (D:4)
  Jessica (D:2)
  Terence (D:2)
  7 adders
  A dart slug (D:1)
  A giant gecko (D:2)
  6 orcs
  4 giant cockroaches
  7 goblins
  5 hobgoblins
  A quokka (D:2)
  2 bats (D:2)
  3 giant newts
  6 kobolds
  3 rats (D:2)
50 creatures vanquished.

Notes
Turn   | Place    | Note
-------+----------+-------------------------------------------
     0 | D:1      | Ijustatesigmund the Demonspawn Berserker began the quest for the Orb.
     0 | D:1      | Reached XP level 1. HP: 18/18 MP: 1/1
   266 | D:1      | Found a shattered altar of Ashenzari.
   270 | D:1      | Reached skill level 3 in Axes
   478 | D:1      | Gained mutation: You are partially covered in thin metallic scales. (AC +2) [demonic ancestry]
   478 | D:1      | Reached XP level 2. HP: 18/24 MP: 2/2
  1173 | D:2      | Noticed Terence
  1186 | D:2      | Killed Terence
  1186 | D:2      | Reached skill level 4 in Axes
  1186 | D:2      | Gained mutation: Your flesh is heat resistant. (rF+) [demonic ancestry]
  1186 | D:2      | Reached XP level 3. HP: 29/29 MP: 3/3
  1271 | D:2      | Noticed Jessica
  1379 | D:2      | Killed Jessica
  1379 | D:2      | Gained mutation: You are mostly covered in thin metallic scales. (AC +3) [demonic ancestry]
  1379 | D:2      | Reached XP level 4. HP: 35/35 MP: 4/4
  1519 | D:2      | Reached ** piety under Trog
  2410 | D:3      | Reached XP level 5. HP: 41/41 MP: 5/5
  2456 | D:3      | Noticed an ice beast
  2466 | D:3      | Killed an ice beast
  2466 | D:3      | Reached skill level 5 in Axes
  2722 | D:4      | Gained mutation: You are slightly more attuned to the shadows. [demonic ancestry]
  2722 | D:4      | Reached XP level 6. HP: 48/48 MP: 6/6
  2737 | D:4      | Quit the game

Vault maps used:
D:1:      tarquinn_simple_flora_water_e, serial_forest, infiniplex_forest_end_1,
          infiniplex_forest_clump_long, infiniplex_forest_zigzag_2,
          infiniplex_forest_3_way, infiniplex_forest_clump_double,
          nicolae_ashenzari_panopticon
D:2:      eino_curves_03, minmay_pentomino_v2, uniq_jessica, uniq_terence
D:3:      first_bread
D:4:      nicolae_overflow_quartered_altars, elyvilon_altar_3,
          uniq_crazy_yiuf_cottage

Skill      XL: |  1  2  3  4  5 |
---------------+----------------+-----
Axes           | 3 4 5 |  5.5
Fighting       | 4 |  4.3
Armour         | |  1.7
Dodging        | |  1.7

Action                   |  1- 3 |  4- 6 || total
-------------------------+-------+-------++-------
Melee: Hand axe          |    65 |    94 ||   159
       Unarmed           |     5 |       ||     5
Invok: Berserk           |     3 |     1 ||     4
       Burn Spellbooks   |       |     1 ||     1
  Use: Scroll            |     7 |     3 ||    10
 Stab: Sleeping          |     2 |       ||     2
  Eat: Chunk             |     2 |     6 ||     8
       Pizza             |     1 |       ||     1
Armor: Animal skin       |     9 |    13 ||    22
       Scale mail        |       |    25 ||    25
Dodge: Dodged            |    41 |    46 ||    87
